Unix NetHack Version 5.0.0-0 post-release - last build May  4 2026 22:22:43 (774f63e81ad911689b3a0859ea89b322d5daca8d,branch:main).

Game began 2026-05-04 11:26:00, ended 2026-05-05 04:25:54.

23881750910, lawful female human Valkyrie

                                 -------------
                                 |C.........C+
                                 |...@uC.....|
                                 |...-----   |
                                 |.....{.|
                                 |..C|{.{|
                                 |...|  .|
                                 |...-  --
                                 |.....C
                                 |C.........
                                 ------------

23881750910 the Skirmisher  St:18/03 Dx:10 Co:17 In:7 Wi:8 Ch:12  Lawful
Dlvl:6  $:45 HP:0(28) Pw:6(6) AC:6  Xp:3 T:1778 

Latest messages:
 You finish eating the shrieker corpse.
 You feel healthy.
 You see here 6 gold pieces.
 $ - 6 gold pieces (41 in total).
 The kitten drops a gold piece.
 You hear the footsteps of a guard on patrol.
 You kill the gas spore!
 Boom!
 You are caught in the gas spore's explosion!
 You see here 4 gold pieces.
 $ - 4 gold pieces (45 in total).
 The giant ant bites!
 The giant ant bites!
 You kill the giant ant!
 You see here a giant ant corpse.
 You see here a giant ant corpse.
 There is a giant ant corpse here; eat it? [ynq] (n) y
 Blecch!  Rotten food!
 The world spins and goes dark.
 You are conscious again.
 Your kitten eats a partly eaten giant ant corpse.
 You see here a chest.
 You hear a door open.
 You swap places with your kitten.
 You swap places with your kitten.
 You hear someone counting gold coins.
 The coyote bites!
 You kill the coyote!
 You miss the coyote.
 The coyote misses!
 You kill the coyote!
 You see here a chest.
 A trap door opens up under you!
 You hit the pony!
 The pony kicks!
 The pony bites!
 You hit the pony!
 The pony kicks!
 The pony just misses!
 The pony kicks!
 The pony bites!
 You miss the pony.
 The pony kicks!
 The pony bites!
 You die...
 Do you want your possessions identified? [ynq] (y) n
 Do you want to see your attributes? [ynq] (y) n
 Do you want an account of creatures vanquished? [ynaq] (y) n
 Do you want to see your conduct and achievements? [ynq] (y) n
 Do you want to see the dungeon overview? [ynq] (y) n

Inventory:
 Coins    ('$')
  $ - 45 gold pieces
 Weapons  (')')
  l - a cursed -1 sling
  b - a +0 dagger (alternate weapon; not wielded)
  a - a +1 spear (weapon in right hand)
 Armor    ('[')
  f - an uncursed +0 orcish helm
  c - an uncursed +3 small shield (being worn)
 Comestibles  ('%')
  d - an uncursed food ration
 Potions  ('!')
  i - a blessed potion of enlightenment
  h - an uncursed potion of hallucination

23881750910 the Valkyrie's attributes:

Background:
 You were a Skirmisher, a level 3 human Valkyrie.
 You were lawful, nominally on a mission for Tyr
 who was opposed by Odin (neutral) and Loki (chaotic).
 You were right-handed.
 You were in the Dungeons of Doom, on level 6.
 You entered the dungeon 1778 turns ago.
 It was nighttime.
 You had 66 experience points, 14 more were needed to attain level 4.

Basics:
 You had 0 out of 28 hit points.
 You had all 6 energy points (spell power).
 Your armor class was 6.
 Your wallet contained 45 zorkmids.
 Autopickup was off.

Final Characteristics:
 Your strength was 18/03 (limit:18/100).
 Your dexterity was 10 (limit:18).
 Your constitution was 17 (limit:18).
 Your intelligence was 7 (limit:18).
 Your wisdom was 8 (limit:18).
 Your charisma was 12 (limit:18).

Final Status:
 You weren't hungry.
 You were unencumbered.
 You were wielding a spear.
 You had basic skill with spear.

Final Attributes:
 You were devoutly aligned.
 You were cold resistant.
 You were poison resistant.
 You were stealthy.
 You are dead.

Miscellaneous:
 You didn't encounter any bones levels.
 Total elapsed playing time was 19 minutes and 49 seconds.

Major events:
 Turn
    1: 23881750910 the lawful human Valkyrie entered the dungeon
 1668: attained the rank of Skirmisher (level 3)
 1778: killed by a pony

You didn't know any spells.

Skills:
 Fighting Skills
   bare handed combat [Unskilled]
   two weapon combat  [Unskilled]
   riding             [Unskilled]
 Weapon Skills
   dagger             [Basic]
   axe                [Unskilled]
   pick-axe           [Unskilled]
   short sword        [Unskilled]
   broadsword         [Unskilled]
   long sword         [Unskilled]
   two-handed sword   [Unskilled]
   saber              [Unskilled]
   hammer             [Unskilled]
   quarterstaff       [Unskilled]
   polearms           [Unskilled]
   spear              [Basic]
   trident            [Unskilled]
   lance              [Unskilled]
   sling              [Unskilled]
 Spellcasting Skills
   attack spells      [Unskilled]
   escape spells      [Unskilled]

Voluntary challenges:
 Character rerolling was not enabled.
 You were an atheist.
 You never genocided any monsters.
 You never polymorphed an object.
 You never changed form.
 You used no wishes.
Achievements:
 You entered a shop.
 You attained the rank of Skirmisher.

 The Dungeons of Doom: levels 1 to 6
    Level 1:
       A sink.
    Level 2:
       A general store, some fountains.
    Level 3:
       A fountain.
    Level 4:
       A fountain, a sink, a grave.
    Level 5:
    Level 6: <- You were here.
       Many fountains.
       Final resting place for
          you, killed by a pony.


Vanquished creatures:
  a shrieker
  a giant ant
  2 coyotes
  a gas spore
  2 hobbits
  3 giant rats
  a gnome zombie
  4 jackals
  3 goblins
  6 grid bugs
  2 lichens
  4 newts
30 creatures vanquished.

No species were genocided or became extinct.

Game over:
                       ----------
                      /          \
                     /    REST    \
                    /      IN      \
                   /     PEACE      \
                  /                  \
                  |   23881750910    |
                  |      45 Au       |
                  | killed by a pony |
                  |                  |
                  |                  |
                  |                  |
                  |       2026       |
                 *|     *  *  *      | *
        _________)/\\_//(\/(/\)/\//\/|_)_______

Farvel 23881750910 the Valkyrie...

You died in The Dungeons of Doom on dungeon level 6 with 555 points,
and 45 pieces of gold, after 1778 moves.
You were level 3 with a maximum of 28 hit points when you died.

